 Dungeon Crawl Stone Soup version 0.22.1-1-ga44c0e5 (webtiles) character file.

102 RoseArtemis the Bolt Thrower (level 4, 0/35 HPs)
             Began as a Barachi Hunter on Oct 20, 2018.
             Killed from afar by a white imp (7 damage)
             ... with a puff of frost
             ... summoned by Eustachio
             ... on level 4 of the Dungeon.
             The game lasted 00:05:32 (651 turns).

RoseArtemis the Bolt Thrower (Barachi Hunter)        Turns: 651, Time: 00:05:33

Health: 0/35       AC:  3    Str: 15    XL:     4   Next: 78%
Magic:  4/4        EV: 12    Int: 11    God:
Gold:   88         SH:  0    Dex: 12    Spells: 3/3 levels left

rFire    . . .     SeeInvis .   b - +0 short sword
rCold    . . .     Gourm    .   (no shield)
rNeg     . . .     Faith    .   c - +0 leather armour
rPois    .         Spirit   .   (no helmet)
rElec    .         Reflect  .   (no cloak)
rCorr    .         Harm     .   (no gloves)
MR       .....                  (no boots)
Stlth    ++........             (no amulet)
HPRegen  0.11/turn              (no ring)
MPRegen  0.09/turn              (no ring)

@: slow
A: +LOS, swims, slowness 1, strong legs 1
a: Hop


You were on level 4 of the Dungeon.
You were not hungry.

You visited 1 branch of the dungeon, and saw 4 of its levels.

You collected 88 gold pieces.

Inventory:

Hand Weapons
 a - a +1 hand crossbow
 b - a +0 short sword (weapon)
Armour
 c - a +0 leather armour (worn)
Jewellery
 j - a +3 ring of strength {unknown}
 m - a +5 ring of evasion {unknown}
Wands
 k - a wand of paralysis (13)
Scrolls
 e - a scroll of identify
Potions
 l - a potion of cancellation
Comestibles
 f - 2 rations
 g - 14 chunks of flesh


   Skills:
 + Level 3.3 Fighting
 * Level 4.9 Crossbows
 + Level 3.0 Dodging
 + Level 2.0 Stealth


You had 3 spell levels left.
You didn't know any spells.
Your spell library was empty.

Dungeon Overview and Level Annotations

Branches:
Dungeon (4/15)
 Temple: D:4-7

Altars:

Annotations:
D:2 exclusion: downstairs
D:4 Eustachio


Innate Abilities, Weirdness & Mutations

Shadows flee at your approach. (+LOS)
You can swim through water.
You cover ground slowly.
You can hop short distances.


Message History

You closely miss Eustachio. The bat closely misses you. The quokka misses you.
Eustachio mumbles some strange words.
You miss Eustachio. The bat completely misses you. The quokka bites you.
The bat closely misses you.
Eustachio mumbles some strange words.
You hit Eustachio but do no damage. The bat misses you. The quokka bites you.
Eustachio hits you with a flail.
* * * LOW HITPOINT WARNING * * *
The quokka barely misses you.
You hit Eustachio.
Eustachio is lightly wounded.
The bat hits you but does no damage. The quokka bites you.
* * * LOW HITPOINT WARNING * * *
Eustachio closely misses you.
You hit Eustachio but do no damage.
Eustachio is lightly wounded.
The quokka barely misses you. Eustachio closely misses you.
The white imp gestures at you. The puff of frost hits you!
You die...

##. ..# . #.(.
..##.#.####
g......(..
.g...(.#(#
...)$.()g#
##.....#r#
##.#5##@# #..5r@.#
#########
......##5##
#.......#
#######.b.####<.#
##.....##...###..
#.......#.#........
#...........###..##
#.......##.......#
##.....## ......#


You could see Eustachio, a white imp, a shadow imp, 2 quokkas, a goblin and a
bat.

Vanquished Creatures
  An iguana (D:4)
  Robin (D:4)
  2 adders (D:2)
  A worm (D:4)
  A leopard gecko (D:2)
  3 orcs
  3 bats
  10 goblins
  4 hobgoblins
  3 jackals (D:2)
  2 kobolds
  A frilled lizard (D:4)
  6 rats
38 creatures vanquished.

Notes
Turn   | Place    | Note
-------+----------+-------------------------------------------
     0 | D:1      | RoseArtemis the Barachi Hunter began the quest for the Orb.
     0 | D:1      | Reached XP level 1. HP: 17/17 MP: 1/1
    48 | D:1      | Reached skill level 1 in Stealth
   203 | D:2      | Reached XP level 2. HP: 23/23 MP: 2/2
   282 | D:3      | Noticed an ice beast
   334 | D:2      | Reached XP level 3. HP: 14/28 MP: 3/3
   563 | D:4      | Reached XP level 4. HP: 10/35 MP: 4/4
   622 | D:4      | Noticed Robin
   630 | D:4      | Killed Robin
   635 | D:4      | Noticed Eustachio
   651 | D:4      | Killed from afar by a white imp

Skill      XL: |  1  2  3  4 |
---------------+-------------+-----
Stealth        | 1 2 |  2.0
Fighting       | 3 |  3.3
Dodging        | 3 |  3.0
Crossbows      | |  4.9

Action                   |  1- 3 |  4- 6 || total
-------------------------+-------+-------++-------
Melee: Short sword       |       |    19 ||    19
 Fire: Hand crossbow     |    57 |    11 ||    68
  Use: Potion            |     2 |       ||     2
       Scroll            |     1 |     2 ||     3
Armor: Leather armour    |    11 |     3 ||    14
Dodge: Dodged            |    25 |    23 ||    48
